 Dungeon Crawl Stone Soup version 0.29.1-2-gbd0b4ee654 (webtiles) character file.

Game seed: 7709658124253232706

166 Vorrek the Ruffian (level 5, -3/52 HPs)
             Began as a Troll Berserker on Nov 10, 2022.
             Was a Priest of Trog.
             Slain by a gnoll
             ... wielding a +0 halberd
              (10 damage)
             ... on level 4 of the Dungeon.
             The game lasted 00:04:56 (2059 turns).

Vorrek the Ruffian (Troll Berserker)                Turns: 2059, Time: 00:04:57

Health: -3/52      AC:  4    Str: 25    XL:     5   Next: 22%
Magic:  4/4        EV: 10    Int:  3    God:    Trog [***...]
Gold:   232        SH:  0    Dex: 11    Spells: 4/4 levels left

rFire   . . .      SeeInvis +     - Unarmed
rCold   . . .      Faith    .   (no shield)
rNeg    . . .      Spirit   .   a - +0 animal skin
rPois   .          Reflect  .   (helmet restricted)
rElec   .          Harm     .   (no cloak)
rCorr   .          Rampage  .   (gloves unavailable)
Will    ++...                   (boots unavailable)
Stlth   +.........              (no amulet)
HPRegen 1.97/turn               d - ring of see invisible
MPRegen 0.09/turn               (no ring)

@: strong-willed, regenerating
A: large, unfitting armour, claws 3, regeneration 1, shaggy fur 1, tough skin 1
a: Renounce Religion, Berserk, Trog's Hand


You were on level 4 of the Dungeon.
You worshipped Trog.
Trog was most pleased with you.
You visited 1 branch of the dungeon, and saw 4 of its levels.

You collected 232 gold pieces.

Inventory:

Armour
 a - a +0 animal skin (worn)
Magical Staves
 l - a staff of fire
Jewellery
 d - a ring of see invisible (left claw)
 j - an amulet of faith
Scrolls
 c - 4 scrolls of identify {unknown}
 e - 2 scrolls of torment {unknown}
 k - 2 scrolls of butterflies {unknown}
 m - a scroll of immolation {unknown}
 n - a scroll of teleportation {unknown}
 o - a scroll of enchant weapon {unknown}
Potions
 b - 2 potions of brilliance {unknown}
 f - 3 potions of degeneration {unknown}
 g - a potion of might {unknown}
 h - a potion of curing {unknown}
 i - a potion of heal wounds {unknown}


   Skills:
 + Level 2.9 Fighting
 + Level 3.1 Dodging
 + Level 0.6 Stealth
 + Level 4.7 Unarmed Combat


You had 4 spell levels left.
You didn't know any spells.
Your spell library was empty.

Dungeon Overview and Level Annotations

Branches:
Dungeon (4/15)
 Temple: D:4-7

Altars:
Kikubaaqudgha
Uskayaw


Innate Abilities, Weirdness & Mutations

You are too large for most types of armour.
You have claws for hands.
Your natural rate of healing is unusually fast.
You are covered in fur. (AC +1)
You have tough skin. (AC +1)


Message History

There are monsters nearby!
The kobold misses you.
You barely miss the kobold. The ball python closely misses you.
You scratch the kobold but do no damage.
The kobold barely misses you. The ball python barely misses you.
You claw the kobold!
You kill the kobold!
Trog accepts your kill. The ball python closely misses you.
You claw the ball python!
You kill the ball python!
Trog accepts your kill.
No target in view!
A gnoll comes into view. It is wielding a +0 flail.
The gnoll moves out of view.
A gnoll comes into view. It is wielding a +0 halberd.
A gnoll comes into view. It is wielding a +0 spear.
The gnoll shouts!
You hear a shout! x2
An ogre comes into view. It is wielding a +0 giant spiked club.
Found a scroll labelled VOLUNU MYQAFFI and 2 fizzy blue potions.
The gnoll hits you with a +0 halberd. The gnoll hits you with a +0 spear!
You claw the gnoll!
You kill the gnoll!
Trog accepts your kill. The gnoll hits you but does no damage.
You completely miss the gnoll. The gnoll closely misses you.
The gnoll hits you with a +0 flail.
You closely miss the gnoll. The gnoll hits you with a +0 flail.
The gnoll hits you with a +0 halberd!
You are too injured to fight recklessly!
You are too injured to fight recklessly!
You are too injured to fight recklessly!
You are too injured to fight recklessly!
You are too injured to fight recklessly!
Your skin crawls.
You feel strong-willed.
The ogre hits you with a +0 giant spiked club!!
* * * LOW HITPOINT WARNING * * *
The gnoll hits you with a +0 halberd!
You die...

##########....#
##....).......#
#.......<....#
..######.....#
###...#####
##......##
#........
##......##
#.@..####
#ggO## #..##
...# .....
?..... .......
........!


You could see an ogre and 2 gnolls.

Vanquished Creatures
  A vampire bat (D:3)
  Robin (D:3)
  A gnoll (D:4)
  2 adders (D:2)
  A worm (D:3)
  3 dart slugs
  3 bats
  A bat skeleton (D:3)
  3 bat zombies (D:3)
  6 endoplasms
  4 giant cockroaches (D:2)
  16 goblins
  7 hobgoblins
  3 jackals (D:1)
  9 kobolds
  2 quokkas
  4 ball pythons
  5 frilled lizards (D:1)
  4 rats
76 creatures vanquished.

Notes
Turn   | Place    | Note
-------+----------+-------------------------------------------
     0 | D:1      | Vorrek the Troll Berserker began the quest for the Orb.
     0 | D:1      | Reached XP level 1. HP: 22/22 MP: 0/0
    49 | D:1      | Reached XP level 2. HP: 24/29 MP: 1/1
   195 | D:1      | Found a faded altar of an unknown god.
   357 | D:1      | Reached ** piety under Trog
   372 | D:1      | Reached XP level 3. HP: 36/36 MP: 2/2
  1246 | D:2      | Reached skill level 4 in Unarmed Combat
  1246 | D:2      | Reached XP level 4. HP: 44/44 MP: 3/3
  1739 | D:3      | Found a hide-covered altar of Uskayaw.
  1903 | D:3      | Reached XP level 5. HP: 48/52 MP: 4/4
  1906 | D:3      | Noticed Robin
  1913 | D:3      | Killed Robin
  1913 | D:3      | Reached *** piety under Trog
  1926 | D:3      | Found an ancient bone altar of Kikubaaqudgha.
  2053 | D:4      | Noticed an ogre
  2059 | D:4      | Slain by a gnoll

Illustrated notes

Levels and vault maps discovered:
D:1:      amcnicky_arrival_gap_in_the_tavern_cellar, layout_basic,
          ebering_ecumenical_altar_petrified, minmay_misc_feat_enclosed
D:2:      minmay_inner_zag, layout_loops_cross, minmay_unequal
D:3:      layout_basic, kennysheep_vampire_church, amcnicky_altar_gilded,
          uniq_robin
D:4:      layout_layer_cave, lemuel_crystal_altar, grunt_qazlal_clouds

Skill      XL: |  1  2  3  4 |
---------------+-------------+-----
Unarmed Combat | 4 |  4.7
Dodging        | 3 |  3.1
Fighting       | |  2.9
Stealth        | |  0.6

Action                   |  1- 3 |  4- 6 || total
-------------------------+-------+-------++-------
Melee: Unarmed           |    98 |    72 ||   170
       Punch             |     1 |     3 ||     4
Invok: Trog's Hand       |       |     1 ||     1
 Stab: Sleeping          |     2 |     2 ||     4
Armor: Animal skin       |    33 |    41 ||    74
Dodge: Dodged            |    63 |    52 ||   115
